AoeStats
← STONE

Arabia

510013832Analyzed
1v1 RM · 3d ago on Sep 29, 2026· 56m 1s· 2 players
Game mode
Random Map
Map size
Tiny (2 player)
Population
200
Speed
Normal
Resources
Standard
Victory
Conquest
Starting age
Dark Age
Ending age
Imperial Age
RankedLock teamsTeams togetherTeam positionsShared explorationLock speedFull tech treeHidden civsTurbo modeCheats
Victory
Defeat
🇺🇸 Magyars · United States
888
+15
🇨🇳 Khitans · China
868
-15
STONE
2:58 Loom
10:22 Feudal Age
13:50 Scale Barding Armor
16:05 Castle Age
18:17 Scale Barding Armor
19:00 Double-Bit Axe
23:55 Wheelbarrow
23:39 Husbandry
23:57 Bow Saw
25:58 Domestication
29:32 Hand Cart
29:31 Pastoralism
35:05 Imperial Age
33:05 Fletching
34:53 Bodkin Arrow
35:10 Heavy Camel Rider
36:25 Squires
36:49 Conscription
38:52 Two-Man Saw
37:53 Light Cavalry
38:58 Chain Barding Armor
39:18 Forging
40:07 Transhumance
42:07 Plate Barding Armor
41:37 Bracer
42:35 Iron Casting
42:57 Gold Mining
43:46 Hussar
46:04 Plate Barding Armor
Morgan Wyrd
6:56 Loom
9:30 Feudal Age
10:23 Double-Bit Axe
20:39 Castle Age
19:06 Gold Mining
18:59 Horse Collar
19:15 Fletching
22:09 Wheelbarrow
23:54 Husbandry
24:05 Bloodlines
26:30 Bodkin Arrow
26:36 Padded Archer Armor
26:42 Scale Barding Armor
27:58 Gold Shaft Mining
30:18 Ballistics
30:15 Stone Mining
31:27 Leather Archer Armor
34:19 Thumb Ring
38:54 Imperial Age
37:40 Corvinian Army
38:22 Chain Barding Armor
41:35 Parthian Tactics
41:58 Conscription
41:40 Recurve Bow
42:15 Hoardings
43:09 Heavy Plow
42:43 Elite Magyar Huszar
44:42 Hand Cart
45:04 Crop Rotation
44:38 Bracer
45:09 Ring Archer Armor
45:14 Plate Barding Armor
47:30 Chemistry
46:26 Murder Holes
46:42 Masonry
47:12 Plate Barding Armor
46:55 Light Cavalry
47:22 Heavy Cavalry Archer
52:54 Treadmill Crane
53:20 Siege Engineers
Connection lost

Rejoining the realm…

Still unreachable

The connection could not be restored.

Session expired

The server has moved on; the page needs a fresh start.